 Dungeon Crawl Stone Soup version 0.29.1-12-g30fa7ad0bf (webtiles) character file.

Game seed: 2868786425577313838

8778 Radix the Slicer (level 11, -23/72 HPs)
             Began as a Kobold Brigand on Dec 14, 2022.
             Was a Follower of Wu Jian.
             Killed from afar by a lindwurm (28 damage)
             ... with a blast of flame
             ... on level 2 of the Lair of Beasts.
             The game lasted 01:33:22 (11979 turns).

Radix the Slicer (Kobold Brigand)                  Turns: 11979, Time: 01:33:22

Health: -23/72     AC: 13    Str:  9    XL:     11   Next: 62%
Magic:  18/18      EV: 16    Int: 13    God:    Wu Jian [*.....]
Gold:   546        SH:  0    Dex: 20    Spells: 20/20 levels left

rFire   . . .      SeeInvis +   v - +2 dagger (drain)
rCold   . . .      Faith    .   (no shield)
rNeg    . . .      Spirit   .   P - +2 ring mail {rPois}
rPois   +          Reflect  .   o - +0 helmet
rElec   .          Harm     .   c - +0 cloak
rCorr   .          Rampage  .   (no gloves)
Will    .....                   (no boots)
Stlth   +++++.....              (no amulet)
HPRegen 0.22/turn               m - +4 ring of protection
MPRegen 0.16/turn               y - ring of see invisible

@: no status effects
A: small, no large weapons, nightstalker 3
a: Renounce Religion


You were on level 2 of the Lair of Beasts.
You worshipped Wu Jian.
Wu Jian was aware of your devotion.
You visited 3 branches of the dungeon, and saw 11 of its levels.

You collected 570 gold pieces.
You spent 24 gold pieces at shops.

Inventory:

Hand Weapons
 a - a +2 dagger
 b - a +0 dagger of flaming
 n - a +3 shortbow
 v - a +2 dagger of draining (weapon)
 E - a +0 rapier
 J - the +7 spear of World's End {drain, rElec rPois Will- Str+4}
   (You found it on level 6 of the Dungeon)

   A truly terrible weapon, it drains the life of any living foe it strikes.
   Str:       It affects your strength (+4).
   rElec:     It insulates you from electricity.
   rPois:     It protects you from poison.
   Will:      It decreases your willpower.
Missiles
 d - 16 poisoned darts (quivered)
 e - 3 curare-tipped darts
 i - 7 boomerangs
Armour
 c - a +0 cloak (worn)
 o - a +0 helmet (worn)
 D - a +2 robe of resistance
 H - a scarf of repulsion
 I - a +0 leather armour
 L - a +2 ring mail of willpower
 P - a +2 ring mail of poison resistance (worn)
 R - the +1 hat of Servitude {rF+ Str-5 Int+4 Stlth+}
   (You found it on level 1 of the Lair of Beasts)

   Str:       It affects your strength (-5).
   Int:       It affects your intelligence (+4).
   rF:        It protects you from fire.
   Stlth:     It makes you more stealthy.
Jewellery
 m - a +4 ring of protection (left hand)
 p - a +6 ring of intelligence
 q - a ring of resist corrosion
 u - a ring of wizardry
 y - a ring of see invisible (right hand)
 F - a ring of wizardry
Wands
 r - a wand of quicksilver (11)
 z - a wand of iceblast (13)
Scrolls
 h - 2 scrolls of vulnerability {unknown}
 j - 5 scrolls of amnesia
 k - 2 scrolls of immolation
 A - 2 scrolls of blinking
 B - 3 scrolls of enchant armour
 C - 2 scrolls of teleportation {unknown}
 G - a scroll of noise {unknown}
 K - a scroll of brand weapon {unknown}
 M - 2 scrolls of identify
 O - 3 scrolls of fear
 Q - a scroll of magic mapping {unknown}
 T - a scroll of poison {unknown}
 V - a scroll of acquirement {unknown}
 W - a scroll of summoning {unknown}
Potions
 f - 3 potions of mutation
 g - 2 potions of curing
 l - 3 potions of invisibility {unknown}
 s - 6 potions of flight
 t - 2 potions of brilliance {unknown}
 w - 2 potions of ambrosia {unknown}
 x - 4 potions of lignification {unknown}
 N - a potion of haste {unknown}
 S - a potion of degeneration {unknown}
 U - 2 potions of heal wounds


   Skills:
 - Level 10.0 Fighting
 - Level 11.6 Short Blades
 + Level 8.5 Ranged Weapons
 - Level 2.1 Throwing
 + Level 7.2 Dodging
 - Level 10.7 Stealth
 - Level 5.0 Spellcasting


You had 20 spell levels left.
You didn't know any spells.
Your spell library contained the following spells:

 Spells                   Type           Power      Damage    Failure   Level
 Foxfire                  Conj/Fire      12%        2x1d4     45%         1
 Static Discharge         Conj/Air       3%         3-4/arc   61%         2
 Conjure Flame            Conj/Fire      3%         6-21      83%         3
 Inner Flame              Hex/Fire       3%         N/A       83%         3
 Flame Wave               Conj/Fire      3%         2d5       99%         4
 Olgreb's Toxic Radiance  Pois           3%         N/A       99%         4
 Lightning Bolt           Conj/Air       1%         1d12      100%        5
 Ozocubu's Refrigeration  Ice            1%         4d7       100%        7
 Ignition                 Fire           1%         3d3       100%        8
 Maxwell's Capacitive Co  Air            1%         ∞         100%        8


Dungeon Overview and Level Annotations

Branches:
Dungeon (8/15)             Temple (1/1) D:7            Lair (2/5) D:8
  Snake (0/4) Lair:2
  Swamp: Lair:2-3    Shoals: Lair:2-3

Altars:
Ashenzari
Cheibriados
Dithmenos
Elyvilon
Gozag
Hepliaklqana
Kikubaaqudgha
Makhleb
Nemelex Xobeh
Okawaru
Qazlal
Ru
Sif Muna
Trog
Uskayaw
Wu Jian
Xom
Yredelemnul
Zin
The Shining One

Shops:
D:2 ?:*=


Innate Abilities, Weirdness & Mutations

You are small and have problems with some larger weapons.
You are completely attuned to the shadows.


Message History

The lindwurm barely misses you. x2
You hit the lindwurm but do no damage. You drain the lindwurm.
The lindwurm is lightly wounded.
You barely miss the lindwurm.
The lindwurm is lightly wounded.
The lindwurm bites you. The lindwurm completely misses you.
The lindwurm misses you.
You hit the lindwurm. You drain the lindwurm.
The lindwurm is moderately wounded.
You hit the lindwurm.
The lindwurm is moderately wounded.
The lindwurm closely misses you.
The lindwurm claws you but does no damage.
The lindwurm completely misses you.
You hit the lindwurm but do no damage. You drain the lindwurm.
The lindwurm is moderately wounded.
You hit the lindwurm but do no damage. You drain the lindwurm.
The lindwurm is heavily wounded.
The lindwurm breathes flames at you. The blast of flame hits you!!
You hit the lindwurm but do no damage. You drain the lindwurm.
The lindwurm is heavily wounded.
You barely miss the lindwurm.
The lindwurm is heavily wounded.
The lindwurm breathes flames at you. The blast of flame hits you.
Blink to where?
Press: ? - help, Dir - move target
As you read the scroll of blinking, it crumbles to dust.
The lindwurm breathes flames at you. The blast of flame misses you.
The lindwurm breathes flames at you. The blast of flame hits you!
* * * LOW HITPOINT WARNING * * *
The lindwurm breathes flames at you. The blast of flame hits you!
* * * LOW HITPOINT WARNING * * *
The lindwurm breathes flames at you. The blast of flame hits you!!
You die...

#..~~~...~~~.~.###P#.....
.....l~~~~~~..............
>......~~~~~...............
...........................
...........####...k#....###..
#........### ##...#.#...# .#
#........# #....###...#
.........# #....# ..<......##
#.#.@.# #..........#.##....#
............ ........
........... .......>.
........... .........
........... .........##
..##....## .. #.....


You could see a lindwurm (catching breath).

Vanquished Creatures
  A lindwurm (Lair:2)
  5 elephants (Lair:1)
  A rime drake (Lair:1)
  2 cane toads
  3 komodo dragons (Lair:1)
  A polar bear (Lair:1)
  Prince Ribbit (D:6)
  A wyvern (D:8)
  5 yaks (Lair:1)
  2 vampire mosquitoes (D:8)
  2 nagas (Lair:2)
  2 water moccasins
  A black bear (D:5)
  A sky beast (D:7)
  An ice beast (D:8)
  4 wolves (Lair:1)
  3 centaurs
  A phantom (D:4)
  7 bullfrogs
  A kobold brigand (D:6)
  2 gnoll sergeants
  A necrophage (D:6)
  3 scorpions (D:5)
  Blork the orc (D:6)
  6 killer bees (D:8)
  3 howler monkeys
  2 quasits (D:7)
  A jelly (D:7)
  3 orc priests
  5 hounds
  8 iguanas
  Jessica (D:2)
  3 orc wizards
  10 gnolls
  6 adders
  4 shadow imps (D:7)
  2 white imps (D:7)
  4 ufetubi
  A worm (D:3)
  A dart slug (D:5)
  14 orcs
  7 bats
  6 endoplasms
  4 giant cockroaches
  7 goblins
  5 hobgoblins
  6 jackals
  11 kobolds
  3 quokkas
  10 ball pythons
  A frilled lizard (D:1)
  A rat (D:2)
  A butterfly (Lair:1)
188 creatures vanquished.

Vanquished Creatures (others)
  7 demonic plants (D:7)
  5 fungi (Lair:2)
  4 plants
16 creatures vanquished.

Grand Total: 204 creatures vanquished

Notes
Turn   | Place    | Note
-------+----------+-------------------------------------------
     0 | D:1      | Radix the Kobold Brigand began the quest for the Orb.
     0 | D:1      | Reached XP level 1. HP: 12/12 MP: 1/1
   125 | D:1      | Reached skill level 3 in Short Blades
   125 | D:1      | Reached skill level 1 in Ranged Weapons
   255 | D:1      | Reached XP level 2. HP: 17/17 MP: 2/2
   812 | D:1      | Reached XP level 3. HP: 21/21 MP: 3/3
   988 | D:2      | Found Wonwa's Book Boutique.
  1056 | D:2      | Found a faded altar of an unknown god.
  1191 | D:2      | Noticed Jessica
  1193 | D:2      | Killed Jessica
  1194 | D:2      | Reached skill level 4 in Short Blades
  1194 | D:2      | Reached XP level 4. HP: 27/27 MP: 4/4
  1592 | D:2      | Found Vyim Dudoj's Jewellery Shoppe.
  1617 | D:2      | Found Boxuqics's Assorted Antiques.
  1747 | D:2      | Found Linoj's Magic Scroll Boutique.
  1896 | D:2      | Reached XP level 5. HP: 18/32 MP: 5/5
  2083 | D:2      | Bought a scroll of identify for 24 gold pieces
  3449 | D:4      | Reached skill level 5 in Short Blades
  3449 | D:4      | Reached XP level 6. HP: 37/37 MP: 6/6
  3449 | D:4      | Found an opulent altar of Gozag.
  3804 | D:4      | Reached XP level 7. HP: 44/44 MP: 7/7
  3893 | D:5      | Entered Level 5 of the Dungeon
  3923 | D:5      | Reached skill level 6 in Short Blades
  4148 | D:5      | Reached skill level 5 in Fighting
  4179 | D:5      | Noticed a +0 short sword
  4179 | D:5      | Noticed a +0 falchion
  4191 | D:5      | Noticed a +0 dagger
  4193 | D:5      | Noticed a +0 short sword
  4194 | D:5      | Noticed a +0 dagger
  4195 | D:5      | Noticed a +0 spear
  4196 | D:5      | Noticed a +0 falchion
  4201 | D:5      | Noticed a +0 spear
  4509 | D:5      | Reached XP level 8. HP: 49/49 MP: 8/8
  4553 | D:5      | Found a hide-covered altar of Uskayaw.
  4587 | D:5      | Reached skill level 7 in Short Blades
  4868 | D:6      | Noticed Blork the orc
  4874 | D:6      | Killed Blork the orc
  5680 | D:6      | Reached skill level 8 in Short Blades
  6066 | D:6      | Noticed Prince Ribbit
  6090 | D:6      | Killed Prince Ribbit
  6091 | D:6      | Reached XP level 9. HP: 54/56 MP: 9/9
  6508 | D:6      | Identified the +7 spear of World's End {drain, rElec rPois
                  | Will- Str+4}
  6806 | D:7      | Reached skill level 9 in Short Blades
  6806 | D:7      | Reached skill level 10 in Stealth
  7282 | D:7      | Found a staircase to the Ecumenical Temple.
  7778 | D:7      | Found a burning altar of Makhleb.
  7779 | D:7      | Found a glowing golden altar of the Shining One.
  7794 | D:7      | Found a shimmering blue altar of Sif Muna.
  7794 | D:7      | Found a stormy altar of Qazlal.
  7794 | D:7      | Found a broken altar of Ashenzari.
  7908 | Temple   | Entered the Ecumenical Temple
  7949 | Temple   | Became a worshipper of the Wu Jian Council
  8259 | D:8      | Reached skill level 1 in Spellcasting
  8541 | D:7      | Reached skill level 10 in Short Blades
  8683 | D:8      | Reached XP level 10. HP: 37/64 MP: 11/13
  9003 | D:8      | Found a sparkling altar of Nemelex Xobeh.
  9019 | D:8      | Found a staircase to the Lair.
  9248 | D:8      | Noticed an unseen horror
  9269 | D:8      | Found a hazy altar of Hepliaklqana.
  9540 | Lair:1   | Entered Level 1 of the Lair of Beasts
  9889 | Lair:1   | Noticed a komodo dragon
  9892 | Lair:1   | Killed a komodo dragon
  9985 | Lair:1   | Noticed a komodo dragon
  9988 | Lair:1   | Killed a komodo dragon
 10038 | Lair:1   | Reached skill level 11 in Short Blades
 10169 | Lair:1   | Noticed a komodo dragon
 10197 | Lair:1   | Reached * piety under Wu Jian
 10214 | Lair:1   | Killed a komodo dragon
 10215 | Lair:1   | Reached skill level 5 in Spellcasting
 10350 | Lair:1   | Noticed a cane toad
 10359 | Lair:1   | Reached skill level 5 in Ranged Weapons
 10370 | Lair:1   | Killed a cane toad
 10371 | Lair:1   | Reached XP level 11. HP: 34/72 MP: 18/18
 10579 | Lair:1   | Identified the +1 hat of Servitude {rF+ Str-5 Int+4 Stlth+}
 10696 | Lair:1   | Reached skill level 10 in Fighting
 10748 | Lair:1   | Noticed an elephant
 10749 | Lair:1   | Noticed an elephant
 10749 | Lair:1   | Noticed an elephant
 10761 | Lair:1   | Noticed an elephant
 10762 | Lair:1   | Killed an elephant
 10763 | Lair:1   | Noticed an elephant
 10764 | Lair:1   | Killed an elephant
 10765 | Lair:1   | Reached skill level 5 in Dodging
 10765 | Lair:1   | Killed an elephant
 10767 | Lair:1   | Killed an elephant
 10768 | Lair:1   | Killed an elephant
 11626 | Lair:2   | Found a staircase to the Snake Pit.
 11919 | Lair:2   | Noticed a lindwurm
 11922 | Lair:2   | Killed a lindwurm
 11928 | Lair:2   | Noticed a lindwurm
 11967 | Lair:2   | HP: 3/72 [lindwurm/blast of flame (14)]
 11979 | Lair:2   | Killed from afar by a lindwurm

Illustrated notes

Levels and vault maps discovered:
D:1:      amcnicky_arrival_underground_garden, layout_basic
D:2:      layout_loops_ring, serial_shops, nicolae_shop_crystal,
          nicolae_shop_statue_plus, nicolae_shop_stone, shop,
          hellmonk_ecumenical_altar_leap_of_faith, uniq_jessica
D:3:      layout_basic, portal_sewer_entry_d, minmay_misc_feat_hallway
D:4:      layout_rooms, nicolae_overflow_crystal_walls
D:5:      layout_basic, nicolae_uskayaw_en_pointe, kennysheep_generic_room_9
D:6:      layout_cave_pods, uniq_prince_ribbit1, uniq_blork_the_orc
D:7:      layout_loops_ring, minitemple, minmay_temple_entry_mini_moons,
          serial_demonic, serial_demonic_c, serial_demonic_c, serial_demonic_f,
          serial_demonic_d, serial_demonic_b, serial_demonic_f
D:8:      layout_rooms, nemelex_xobeh_ov_fountains_minmay,
          amcnicky_altar_gilded, lair_entry_dummy, unseen_surprise_small
Temple:   nicolae_temple_god_jail
Lair:1:   layout_cave_pods, infiniplex_staircase_pool, grunt_megastairs_4,
          lemuel_fruit_fields
Lair:2:   layout_small_grid, guppyfry_snake_entry_island,
          hellmonk_ghost_happy_afterlife, nicolae_lair_lindhole

Skill      XL: |  1  2  3  4  5  6  7  8  9 10 11 |
---------------+----------------------------------+-----
Short Blades   | 3 4 5 6 8 10 11 | 11.6
Ranged Weapons | 1 2 3 5 8 |  8.5
Fighting       | 3 4 5 6 8 9 10 | 10.0
Stealth        | 6 7 9 10 | 10.7
Spellcasting   | 2 5 |  5.0
Dodging        | 3 7 |  7.2
Throwing       | |  2.1

Action                   |  1- 3 |  4- 6 |  7- 9 | 10-12 || total
-------------------------+-------+-------+-------+-------++-------
Melee: Dagger            |    66 |   171 |   370 |   241 ||   848
       Punch             |     2 |       |     5 |     2 ||     9
 Fire: Shortbow          |       |       |       |    21 ||    21
Throw: Dart              |     1 |    10 |    14 |     1 ||    26
       Boomerang         |     4 |       |       |       ||     4
Invok: Lunge             |       |       |     7 |    13 ||    20
       Whirlwind         |       |       |       |     1 ||     1
  Use: Potion            |       |     3 |     5 |     3 ||    11
       Scroll            |       |     2 |     4 |     5 ||    11
 Stab: Sleeping          |     8 |    14 |    15 |    12 ||    49
       Distracted        |       |       |     1 |       ||     1
Armor: Robe              |    14 |    40 |   103 |    45 ||   202
       Ring mail         |       |       |       |    16 ||    16
Dodge: Dodged            |    37 |   110 |   215 |   160 ||   522
       Repelled          |       |       |     1 |       ||     1
